Description

Dividing the All-Rounder TvT Build from terrancraft.com, wich is a build based on Innovation, into 3 separate blocks to better practice. This is the first one.

Build Order

Get SALT Encoding   

  14  0:16  Supply Depot  
  16  0:39  Barracks  
  16  0:44  Refinery  
  17  0:53  Refinery  
  19  1:26  Reaper  
  19  1:27  Orbital Command  
  19  1:28  Supply Depot  
  20  1:41  Factory  Pull 2 scv's from gas
  21  1:58  Reaper  
  23  2:14  Command Center  
Spawning Tool Build Advisor. Get it on Overwolf

Go to:

Details

  • Created by: waaaagh
  • Published on: Dec 13, 2022
  • Modified on: Dec 13, 2022
  • Patch: 4.11.0
  • Difficulty: Medium
Show
View Real Time Build Order
Export as new Build Order

Comments (0)

There are no comments. Be the first!

Create an account to comment!